 Dungeon Crawl Stone Soup version 0.28-a0-1235-g7c8fac35f0 (webtiles) character file.

Game seed: 12165991844988722080

1074 Vash the Stinger (level 8, 0/58 HPs)
             Began as a Gnoll Venom Mage on Dec 24, 2021.
             Succumbed to a gnoll's poison
             ... on level 5 of the Dungeon.
             The game lasted 00:11:12 (5903 turns).

Vash the Stinger (Gnoll Venom Mage)                 Turns: 5903, Time: 00:11:13

Health: 0/58       AC:  5    Str:  8    XL:     8   Next: 29%
Magic:  5/17       EV: 14    Int: 16    God:
Gold:   229        SH:  0    Dex: 13    Spells: 11/19 levels left

rFire   . . .      SeeInvis .   f - +2 spear (venom)
rCold   . . .      Faith    .   (no shield)
rNeg    . . .      Spirit   +   a - +0 robe
rPois   .          Reflect  .   u - +0 helmet
rElec   .          Harm     .   b - +0 cloak
rCorr   +          Rampage  .   h - +0 pair of gloves
Will    .....                   (no boots)
Stlth   +++.......              n - amulet of guardian spirit
HPRegen 0.19/turn               m - ring of resist corrosion
MPRegen 0.15/turn               (no ring)

@: lethally poisoned (0 -> -1), on berserk cooldown, attractive, slowed, very
slow
A: fangs 1, strong nose, distributed training
a: no special abilities


You were on level 5 of the Dungeon.
You visited 2 branches of the dungeon, and saw 7 of its levels.

You collected 229 gold pieces.

Inventory:

Hand Weapons
 f - a +2 spear of venom (weapon)
 o - a +3 quarterstaff of chaos
Missiles
 r - 2 throwing nets
Armour
 a - a +0 robe (worn)
 b - a +0 cloak (worn)
 h - a +0 pair of gloves (worn)
 u - a +0 helmet (worn)
Jewellery
 m - a ring of resist corrosion (left hand)
 n - an amulet of guardian spirit (around neck)
 p - a ring of flight
 s - a ring of see invisible
Scrolls
 c - 2 scrolls of identify {unknown}
 d - a scroll of torment {unknown}
 g - 3 scrolls of teleportation {unknown}
 i - a scroll of enchant weapon {unknown}
 j - 2 scrolls of blinking {unknown}
 k - a scroll of amnesia {unknown}
 l - a scroll of silence {unknown}
 v - a scroll of fog {unknown}
Potions
 e - 2 potions of lignification
 q - a potion of attraction
 w - a potion of heal wounds {unknown}


   Skills:
 + Level 3.1 Fighting
 + Level 3.1 Short Blades
 + Level 3.1 Long Blades
 + Level 3.1 Axes
 + Level 3.1 Maces & Flails
 + Level 3.1 Polearms
 + Level 3.1 Staves
 + Level 3.1 Slings
 + Level 3.1 Bows
 + Level 3.1 Crossbows
 + Level 3.1 Throwing
 + Level 3.1 Armour
 + Level 5.6 Dodging
 + Level 5.3 Stealth
 + Level 3.1 Shields
 + Level 3.1 Unarmed Combat
 + Level 6.0 Spellcasting
 + Level 2.5 Conjurations
 + Level 2.5 Hexes
 + Level 2.5 Summonings
 + Level 2.5 Necromancy
 + Level 2.5 Translocations
 + Level 3.4 Transmutations
 + Level 2.5 Fire Magic
 + Level 2.5 Ice Magic
 + Level 2.5 Air Magic
 + Level 2.5 Earth Magic
 + Level 6.1 Poison Magic
 + Level 3.4 Invocations
 + Level 3.1 Evocations


You had 11 spell levels left.
You knew the following spells:

 Your Spells              Type           Power      Damage    Failure   Level
a - Sting                 Tmut/Pois      80%        1d7       1%          1
b - Mephitic Cloud        Conj/Pois/Air  16%        N/A       9%          3
c - Olgreb's Toxic Radia  Pois           24%        N/A       11%         4

Your spell library contained the following spells:

 Spells                   Type           Power      Damage    Failure   Level
 Poisonous Vapours        Pois/Air       36%        N/A       3%          2
 Corpse Rot               Necr/Air       26%        N/A       8%          2


Dungeon Overview and Level Annotations

Branches:
Dungeon (6/15)             Temple (1/1) D:4

Altars:
Ashenzari
Cheibriados
Dithmenos
Elyvilon
Fedhas
Gozag
Hepliaklqana
Kikubaaqudgha
Makhleb
Nemelex Xobeh
Okawaru
Qazlal
Ru
Trog
Uskayaw
Vehumet
Wu Jian
Xom
Yredelemnul
Zin
The Shining One


Innate Abilities, Weirdness & Mutations

You have very sharp teeth.
Your uncanny sense of smell can sniff out nearby items.
Your experience applies equally to all skills.


Message History

Your toxic aura wanes.
You feel very sick.
The gnoll hits you from afar with a +1 spear of venom.
The gnoll hits you but does no damage. The gnoll hits you with a +0 club.
* * * LOW HITPOINT WARNING * * *
The gnoll sergeant closely misses you.
You climb upwards.
Reactivating autopickup.
* * * LOW HITPOINT WARNING * * *
You feel very sick.
There is a stone staircase leading down here.
Unknown command.
You are too injured to fight recklessly!
You hit the gnoll.
You kill the gnoll!
* * * LOW HITPOINT WARNING * * *
You feel very sick.
Your Spellcasting skill increases to level 6!
Unknown command.
There is a lethal amount of poison in your body!
* * * LOW HITPOINT WARNING * * *
You feel sick.
* * * LOW HITPOINT WARNING * * *
You feel sick.
It was a potion of attraction.
You feel attractive to monsters.
* * * LOW HITPOINT WARNING * * *
You feel sick.
It was a potion of berserk rage.
A red film seems to cover your vision as you go berserk!
You feel yourself moving faster!
You feel mighty!
You feel sick.
You are too berserk!
You feel a strong urge to attack something.
You feel sick.
You feel your anger nearly subside.
You feel sick.
You are no longer berserk.
You are exhausted.
You feel yourself slow down.
You die...

#.# ##..##.###(###..#..#.#...#.
#.# #..#....)>###.##....##.##.
#.######..#...#..##..#..#..#..#..
......##..#.#....##.##....##.##.#
......##.............###..#..#...
..........#......###...####.##.##
.....##...######.# ##...#..#..#.
#######...######.# ##...##.##.
....#####'......@#### ###.....##
._.#.....####.......# #####...
...#.###.#..#.......# ###.
####.#...#..#.......# ##
#....###..'.......#
###....#..#######.# #...#.#####
#.....# #.###.#...# #.#####
##...†.#._.# #.#


There were no monsters in sight!

Vanquished Creatures
  A sky beast (D:5)
  A necrophage (D:4)
  An ogre (D:5)
  A centaur (D:5)
  4 scorpions (D:5)
  A howler monkey (D:4)
  A hound (D:5)
  A centaur skeleton (D:4)
  A jelly (D:5)
  Crazy Yiuf (D:3)
  A gnoll shaman (D:5)
  2 iguanas
  An orc wizard (D:5)
  10 gnolls
  7 adders
  A howler monkey skeleton (D:5)
  A dart slug (D:1)
  3 worms
  5 orcs
  5 ball pythons
  3 endoplasms
  6 giant cockroaches
  7 hobgoblins
  3 kobolds
  5 quokkas
  A bat (D:2)
  4 frilled lizards
  4 goblins
  6 rats
88 creatures vanquished.

Notes
Turn   | Place    | Note
-------+----------+-------------------------------------------
     0 | D:1      | Vash the Gnoll Venom Mage began the quest for the Orb.
     0 | D:1      | Reached XP level 1. HP: 13/13 MP: 6/6
   163 | D:1      | Reached XP level 2. HP: 15/19 MP: 2/7
   558 | D:1      | Found a faded altar of an unknown god.
  1150 | D:2      | Reached skill level 5 in Spellcasting
  1150 | D:2      | Reached XP level 3. HP: 18/25 MP: 5/9
  1522 | D:2      | Found a snail-covered altar of Cheibriados.
  1616 | D:3      | Reached skill level 1 in Invocations
  1897 | D:3      | Reached skill level 1 in Fighting
  1897 | D:3      | Reached skill level 1 in Short Blades
  1897 | D:3      | Reached skill level 1 in Long Blades
  1897 | D:3      | Reached skill level 1 in Axes
  1897 | D:3      | Reached skill level 1 in Maces & Flails
  1897 | D:3      | Reached skill level 1 in Polearms
  1897 | D:3      | Reached skill level 1 in Staves
  1897 | D:3      | Reached skill level 1 in Slings
  1897 | D:3      | Reached skill level 1 in Bows
  1897 | D:3      | Reached skill level 1 in Crossbows
  1897 | D:3      | Reached skill level 1 in Throwing
  1897 | D:3      | Reached skill level 1 in Armour
  1897 | D:3      | Reached skill level 1 in Shields
  1897 | D:3      | Reached skill level 1 in Unarmed Combat
  1897 | D:3      | Reached skill level 1 in Evocations
  1978 | D:3      | Reached XP level 4. HP: 29/32 MP: 9/11
  2030 | D:3      | Found a glowing silver altar of Zin.
  2032 | D:3      | Found a bloodstained altar of Trog.
  2032 | D:3      | Found a shadowy altar of Dithmenos.
  2032 | D:3      | Found a snail-covered altar of Cheibriados.
  2294 | D:2      | Reached skill level 1 in Conjurations
  2294 | D:2      | Reached skill level 1 in Hexes
  2294 | D:2      | Reached skill level 1 in Summonings
  2294 | D:2      | Reached skill level 1 in Necromancy
  2294 | D:2      | Reached skill level 1 in Translocations
  2294 | D:2      | Reached skill level 1 in Fire Magic
  2294 | D:2      | Reached skill level 1 in Ice Magic
  2294 | D:2      | Reached skill level 1 in Air Magic
  2294 | D:2      | Reached skill level 1 in Earth Magic
  2689 | D:3      | Found a runed translucent door.
  2690 | D:3      | Noticed Crazy Yiuf
  2817 | D:3      | Killed Crazy Yiuf
  2818 | D:3      | Reached XP level 5. HP: 5/37 MP: 12/12
  3205 | D:4      | Found a staircase to the Ecumenical Temple.
  3229 | Temple   | Entered the Ecumenical Temple
  3517 | D:4      | Noticed a necrophage
  3544 | D:4      | Killed a necrophage
  3545 | D:4      | Reached XP level 6. HP: 44/44 MP: 7/13
  3713 | D:4      | Learned a level 3 spell: Mephitic Cloud
  3907 | D:4      | Reached skill level 5 in Dodging
  4561 | D:5      | Entered Level 5 of the Dungeon
  4567 | D:5      | Reached XP level 7. HP: 50/50 MP: 15/15
  5059 | D:5      | Reached skill level 5 in Stealth
  5274 | D:5      | Noticed a yak
  5313 | D:5      | Reached XP level 8. HP: 44/57 MP: 9/16
  5537 | D:5      | Noticed a yak
  5656 | D:5      | Found an ancient bone altar of Kikubaaqudgha.
  5665 | D:5      | Found a sparkling altar of Nemelex Xobeh.
  5888 | D:5      | Learned a level 4 spell: Olgreb's Toxic Radiance
  5899 | D:5      | HP: 4/87 [poisoned by a gnoll]
  5903 | D:5      | Succumbed to a gnoll's poison

Illustrated notes

Levels and vault maps discovered:
D:1:      lightli_arrival_noodles, layout_rooms, basic_ecumenical_altar
D:2:      layout_basic, basic_altar, serial_co_window_serial, co_window_paths_a,
          co_window_paths_a, co_window_paths_a, co_window_of_opportunity_a,
          co_window_paths_a, co_window_of_opportunity_a, co_window_corner_a,
          co_window_of_opportunity_b, co_window_unsneaky_path_e,
          co_window_2corner, co_window_cross_3, co_window_sun, glass_columns_a,
          glass_columns_b, glass_columns_b, glass_columns_c, minmay_pentomino_x4
D:3:      layout_basic, grunt_temple_overflow_open, uniq_crazy_yiuf_cottage
D:4:      layout_loops_cross, minmay_temple_entry_purple_smoke
D:5:      minmay_skewed_foursquare, layout_basic, mainiacjoe_overflow_swirl
D:6:      layout_rooms, nicolae_good_shop
Temple:   regret_index_temple_generic_petals

Skill      XL: |  1  2  3  4  5  6  7  8 |
---------------+-------------------------+-----
Transmutations | 2 3 |  3.4
Spellcasting   | 5 6 |  6.0
Invocations    | 1 2 3 |  3.4
Fighting       | 1 2 3 |  3.1
Short Blades   | 1 2 3 |  3.1
Long Blades    | 1 2 3 |  3.1
Axes           | 1 2 3 |  3.1
Maces & Flails | 1 2 3 |  3.1
Polearms       | 1 2 3 |  3.1
Staves         | 1 2 3 |  3.1
Slings         | 1 2 3 |  3.1
Bows           | 1 2 3 |  3.1
Crossbows      | 1 2 3 |  3.1
Throwing       | 1 2 3 |  3.1
Armour         | 1 2 3 |  3.1
Shields        | 1 2 3 |  3.1
Unarmed Combat | 1 2 3 |  3.1
Evocations     | 1 2 3 |  3.1
Conjurations   | 1 2 |  2.5
Hexes          | 1 2 |  2.5
Summonings     | 1 2 |  2.5
Necromancy     | 1 2 |  2.5
Translocations | 1 2 |  2.5
Fire Magic     | 1 2 |  2.5
Ice Magic      | 1 2 |  2.5
Air Magic      | 1 2 |  2.5
Earth Magic    | 1 2 |  2.5
Dodging        | 5 |  5.6
Stealth        | 5 |  5.3
Poison Magic   | 6 |  6.1

Action                   |  1- 3 |  4- 6 |  7- 9 || total
-------------------------+-------+-------+-------++-------
Melee: Unarmed           |     3 |       |       ||     3
       Spear             |    40 |   101 |    74 ||   215
       Short sword       |     7 |       |       ||     7
       Bite              |     4 |     2 |    10 ||    16
       Punch             |       |     1 |     4 ||     5
 Cast: Sting             |    27 |    11 |    18 ||    56
       Mephitic Cloud    |       |     2 |       ||     2
       Olgreb's Toxic Ra |       |       |     1 ||     1
  Use: Potion            |       |     2 |     2 ||     4
 Stab: Sleeping          |     7 |    11 |     1 ||    19
Armor: Robe              |    15 |     4 |    15 ||    34
       Skin              |       |    42 |       ||    42
Dodge: Dodged            |    38 |    37 |    59 ||   134

Table legend: (Time is in decaauts)
 A = Elapsed time spent in this place.
 B = Non-inter-level travel time spent in this place.
 C = Inter-level travel time spent in this place.
 D = Time resting spent in this place.
 E = Time spent auto-exploring this place.
 F = Levels seen in this place.
 G = Mean time per level.
                   A        B        C        D        E       F      G
               +--------+--------+--------+--------+--------+-----+--------+
         Total |   5920 |   5673 |    247 |   2324 |   2121 |   7 |  845.7 |
       Dungeon |   5643 |   5473 |    170 |   2324 |   2039 |   6 |  940.5 |
        Temple |    277 |    200 |     77 |      0 |     82 |   1 |  277.0 |
               +--------+--------+--------+--------+--------+-----+--------+

Top non-repeatable levels by time:
     D:5: 1307 daAuts
     D:2: 1175 daAuts
     D:3: 1106 daAuts
     D:4: 1080 daAuts
     D:1: 941 daAuts
  Temple: 277 daAuts
     D:6: 32 daAuts
